 Dungeon Crawl Stone Soup version 0.26-a0-639-g72c4674329 (webtiles) character file.

Game seed: 8901897008224406871

186 Apogee the Magician (level 5, -4/28 HPs)
             Began as a Deep Elf Fire Elementalist on Sept 17, 2020.
             Slain by an iguana (8 damage)
             ... on level 4 of the Dungeon.
             The game lasted 00:07:54 (4744 turns).

Apogee the Magician (Deep Elf Fire Elementalist)    Turns: 4744, Time: 00:07:55

Health: -4/28      AC:  2    Str:  6    XL:     5   Next: 38%
Magic:  6/14       EV: 13    Int: 20    God:
Gold:   158        SH:  0    Dex: 15    Spells: 9/14 levels left

rFire    . . .     SeeInvis .   i - +0 dagger (venom)
rCold    . . .     Faith    .   (no shield)
rNeg     . . .     Spirit   .   a - +0 robe
rPois    .         Reflect  .   (no helmet)
rElec    .         Harm     .   (no cloak)
rCorr    .         Rampage  .   (no gloves)
MR       .....                  (no boots)
Stlth    ++........             (no amulet)
HPRegen  0.09/turn              (no ring)
MPRegen  0.14/turn              (no ring)

@: very slightly contaminated
A: no striking features
a: no special abilities


You were on level 4 of the Dungeon.
You visited 1 branch of the dungeon, and saw 4 of its levels.

You collected 158 gold pieces.

Inventory:

Hand Weapons
 f - a +0 whip
   (You took it off a kobold on level 1 of the Dungeon)
 i - a +0 dagger of venom (weapon)
   (You took it off a kobold on level 1 of the Dungeon)
Missiles
 g - 74 stones (quivered)
Armour
 a - a +0 robe (worn)
Jewellery
 j - an uncursed ring of protection from cold {unknown}
   (You found it on level 1 of the Dungeon)
 o - an uncursed ring of ice {unknown}
   (You found it on level 3 of the Dungeon)
Scrolls
 b - a scroll of blinking {unknown}
 d - 2 scrolls of remove curse {unknown}
 h - 2 scrolls of enchant weapon {unknown}
 k - 3 scrolls of identify {unknown}
 l - a scroll of enchant armour {unknown}
Potions
 c - a potion of lignification {unknown}
 e - 2 potions of curing {@q1}
 m - a potion of stabbing {unknown}
 n - a potion of heal wounds {unknown}


   Skills:
 - Level 2.4 Dodging
 - Level 2.4 Stealth
 + Level 5.1 Spellcasting
 + Level 3.4 Conjurations
 + Level 4.6 Fire Magic


You had 9 spell levels left.
You knew the following spells:

 Your Spells              Type           Power        Failure   Level
a - Foxfire               Conj/Fire      ###.         2%          1
q - Sticky Flame          Conj/Fire      ###.....     22%         4

Your spell library contained the following spells:

 Spells                   Type           Power        Failure   Level
 Conjure Flame            Conj/Fire      ###.....     7%          3
 Inner Flame              Hex/Fire       ##......     13%         3
 Fireball                 Conj/Fire      ###.......   52%         5


Dungeon Overview and Level Annotations

Branches:
Dungeon (4/15)
 Temple: D:4-7

Altars:
Gozag
Hepliaklqana
Nemelex Xobeh
Zin
The Shining One

Annotations:
D:2 exclusion: water moccasin
D:3 1 runed translucent door


Message History

* * * LOW HITPOINT WARNING * * *
The foxfire hits the gnoll.
You kill the gnoll!
Unknown command.
Things that are here:
a +0 spear; a gnoll corpse
There is a stone staircase leading down here.
This spell is extremely dangerous to cast!
Memorise Sticky Flame, consuming 4 spell levels and leaving 9? [Y]es or [N]o only, please.
Memorise Sticky Flame, consuming 4 spell levels and leaving 9?
You start memorising the spell.
You continue memorising. x4
You finish memorising.
Spell assigned to 'q'.
You start resting.
You climb downwards.
The gnoll hits you but does no damage. The gnoll hits you with a +0 flail.
There is a stone staircase leading up, spattered with blood here.
The spell is extremely dangerous to cast (22% risk of failure)!
Continue anyway?
Okay, then.
The spell is extremely dangerous to cast (22% risk of failure)!
Continue anyway?
Aim: a gnoll, wielding a +0 flail The sticky flame hits the gnoll.
The gnoll is covered in liquid flames!
The adder hisses angrily.
You hear an angry hiss.
The gnoll burns!
The gnoll burns!
The gnoll hits you with a +0 flail. The adder closely misses you.
You climb upwards.
Level annotation: 1 runed translucent door
There is a stone staircase leading down here.
You hit the gnoll.
You kill the gnoll!
You start resting.
You start resting.
You climb downwards.
The iguana bites you. The adder misses you. The iguana bites you.
The adder barely misses you.
There is a stone staircase leading up, spattered with blood here.
The spell is extremely dangerous to cast (22% risk of failure)!
Continue anyway?
Aim: an adder You miscast Sticky Flame.
You are very lightly contaminated with residual magic.
You are blasted with magical energy!
The adder bites you. The iguana closely misses you.
The spell is extremely dangerous to cast (22% risk of failure)!
Continue anyway?
Okay, then.
The spell is extremely dangerous to cast (22% risk of failure)!
Continue anyway?
Aim: an iguana You miscast Sticky Flame.
The air around you burns with energy!
* * * LOW HITPOINT WARNING * * *
The adder misses you. The iguana bites you!
You die...

###
##########....#
.....[S@l......
#########.#.#..
# ### ..# #.#


You could see an iguana and an adder.

Vanquished Creatures
  4 gnolls (D:3)
  4 adders
  An ooze (D:2)
  2 worms (D:2)
  4 dart slugs
  4 leopard geckos
  5 orcs (D:3)
  5 giant cockroaches
  7 goblins
  7 hobgoblins
  6 jackals
  4 quokkas (D:3)
  A ball python (D:1)
  8 bats
  4 frilled lizards
  10 kobolds
  10 rats
86 creatures vanquished.

Vanquished Creatures (others)
  237 foxfires
237 creatures vanquished.

Grand Total: 323 creatures vanquished

Notes
Turn   | Place    | Note
-------+----------+-------------------------------------------
     0 | D:1      | Apogee the Deep Elf Fire Elementalist began the quest for
                  | the Orb.
     0 | D:1      | Reached XP level 1. HP: 10/10 MP: 6/6
   545 | D:1      | Reached XP level 2. HP: 15/15 MP: 2/8
  1349 | D:2      | Noticed a water moccasin
  1502 | D:2      | Found a glowing silver altar of Zin.
  1570 | D:2      | Reached XP level 3. HP: 19/19 MP: 6/10
  1927 | D:2      | Reached skill level 4 in Spellcasting
  2515 | D:2      | Reached XP level 4. HP: 13/24 MP: 9/12
  2942 | D:3      | Found a sparkling altar of Nemelex Xobeh.
  3272 | D:3      | Found a glowing golden altar of the Shining One.
  3272 | D:3      | Noticed an angel
  3273 | D:3      | Found a runed translucent door.
  4034 | D:4      | Noticed a phantom
  4035 | D:4      | Reached XP level 5. HP: 28/28 MP: 9/14
  4136 | D:3      | Reached skill level 5 in Spellcasting
  4342 | D:3      | Found an opulent altar of Gozag.
  4365 | D:3      | Found a hazy altar of Hepliaklqana.
  4367 | D:3      | Found a glowing golden altar of the Shining One.
  4449 | D:3      | Learned a level 4 spell: Sticky Flame
  4744 | D:4      | Slain by an iguana

Illustrated notes

Levels and vault maps discovered:
D:1:      dpeg_arrival_shelter, layout_loops_corners
D:2:      minmay_wonky_spiral, layout_loops_ring, lemuel_round_altar
D:3:      layout_rooms, nicolae_overflow_hidden_temple, lemuel_angel_altar
D:4:      layout_loops_ring, serial_shops, shop, nicolae_zen_rock_garden

Skill      XL: |  1  2  3  4  5 |
---------------+----------------+-----
Conjurations   | 2 3 |  3.4
Spellcasting   | 4 5 |  5.1
Fire Magic     | 4 |  4.6
Dodging        | |  2.4
Stealth        | |  2.4

Action                   |  1- 3 |  4- 6 || total
-------------------------+-------+-------++-------
Melee: Whip              |     7 |       ||     7
       Dagger            |    30 |    37 ||    67
 Cast: Foxfire           |    83 |    86 ||   169
       Sticky Flame      |       |     1 ||     1
  Use: Potion            |     1 |       ||     1
 Stab: Sleeping          |     7 |     2 ||     9
Armor: Robe              |     4 |    10 ||    14
Dodge: Dodged            |    25 |    47 ||    72

Table legend: (Time is in decaauts)
 A = Elapsed time spent in this place.
 B = Non-inter-level travel time spent in this place.
 C = Inter-level travel time spent in this place.
 D = Time resting spent in this place.
 E = Time spent auto-exploring this place.
 F = Levels seen in this place.
 G = Mean time per level.
                   A        B        C        D        E       F      G
               +--------+--------+--------+--------+--------+-----+--------+
         Total |   4748 |   4556 |    192 |    785 |   3156 |   4 | 1187.0 |
       Dungeon |   4748 |   4556 |    192 |    785 |   3156 |   4 | 1187.0 |
               +--------+--------+--------+--------+--------+-----+--------+

Top non-repeatable levels by time:
     D:3: 2005 daAuts
     D:2: 1366 daAuts
     D:1: 1337 daAuts
     D:4: 38 daAuts
